 Dungeon Crawl Stone Soup version 0.29-a0-19-gef7f3e67aa (webtiles) character file.

Game seed: 7979376988321122548

83023 bkjjbf the Unseen (level 15, -9/78 HPs)
             Began as a Spriggan Enchanter on Jan 29, 2022.
             Was the Champion of Dithmenos.
             Killed by an exploding elephant (21 damage)
             ... ignited by their inner flame
             ... on level 6 of the Lair of Beasts.
             The game lasted 00:56:21 (19527 turns).

bkjjbf the Unseen (Spriggan Enchanter)             Turns: 19527, Time: 00:56:22

Health: -9/78      AC: 17    Str: 10    XL:     15   Next: 31%
Magic:  34/35      EV: 26    Int: 24    God:    Dithmenos [******]
Gold:   1192       SH:  0    Dex: 16    Spells: 29/44 levels left

rFire   . . .      SeeInvis +   b - +5 dagger (venom)
rCold   . . .      Faith    .   (no shield)
rNeg    . . .      Spirit   .   E - +3 steam dragon scales
rPois   .          Reflect  .   (helmet restricted)
rElec   .          Harm     .   j - +2 cloak
rCorr   .          Rampage  .   (gloves unavailable)
Will    +++..                   (boots unavailable) Stlth ***+++++++
                                i - amulet of regeneration
HPRegen 1.03/turn               s - +6 ring of intelligence
MPRegen 0.24/turn               M - +4 ring of protection

@: wreathed by umbra, very quick
A: very small, no large weapons, unfitting armour, see invisible, speed 3,
antennae 1, iridescent scales 1, deterioration 1, strong-willed 1
a: Renounce Religion, Shadow Step, Shadow Form


You were on level 6 of the Lair of Beasts.
You worshipped Dithmenos.
Dithmenos was exalted by your worship.
You visited 3 branches of the dungeon, and saw 21 of its levels.
You also visited: Sewer.

You collected 1389 gold pieces.
You spent 197 gold pieces at shops.

Inventory:

Hand Weapons
 a - a +2 dagger of electrocution
 b - a +5 dagger of venom (weapon)
 k - a +0 rapier
Missiles
 p - 41 poisoned darts (quivered)
 x - 3 throwing nets
 I - 4 curare-tipped darts
 N - 4 atropa-tipped darts
Armour
 j - a +2 cloak (worn)
 E - +3 steam dragon scales (worn)
Jewellery
 d - a ring of fire
 f - a ring of wizardry
 i - an amulet of regeneration (around neck)
 s - a +6 ring of intelligence (left hand)
 w - a ring of resist corrosion
 M - a +4 ring of protection (right hand)
 W - a +6 ring of strength
Wands
 h - a wand of mindburst (9)
 n - a wand of paralysis (11)
 J - a wand of iceblast (10)
 K - a wand of acid (2)
 O - a wand of flame (7)
 U - a wand of digging (4)
 V - a wand of charming (4)
Scrolls
 g - a scroll of blinking
 q - 4 scrolls of amnesia
 r - 7 scrolls of teleportation
 y - 3 scrolls of fear
 C - 16 scrolls of identify
 D - 2 scrolls of magic mapping
 H - a scroll of fog
 R - 2 scrolls of enchant weapon
Potions
 c - a potion of invisibility
 e - 6 potions of flight
 m - 2 potions of magic
 o - 3 potions of lignification
 t - 6 potions of attraction
 u - 4 potions of haste
 z - 2 potions of might
 A - 10 potions of curing
 B - 7 potions of heal wounds
 F - a potion of ambrosia
 L - 4 potions of brilliance
 P - a potion of cancellation
 Q - 3 potions of mutation
Miscellaneous
 l - a phantom mirror
 S - a lightning rod (4/4)


   Skills:
 + Level 8.9 Fighting
 + Level 11.6 Short Blades
 + Level 13.7 Dodging
 + Level 18.5 Stealth
 + Level 15.1 Spellcasting
 + Level 15.3 Hexes


You had 29 spell levels left.
You knew the following spells:

 Your Spells              Type           Power      Damage    Failure   Level
a - Ensorcelled Hibernat  Hex/Ice        100%       N/A       1%          2
b - Tukima's Dance        Hex            75%        N/A       1%          3
c - Dazzling Flash        Conj/Hex       100%       N/A       1%          3
d - Confusing Touch       Hex            75%        N/A       1%          3
e - Cause Fear            Hex            37%        N/A       1%          4

Your spell library contained the following spells:

 Spells                   Type           Power      Damage    Failure   Level
 Inner Flame              Hex/Fire       53%        N/A       1%          3
 Portal Projectile        Hex/Tloc       100%       N/A       1%          3
 Fulminant Prism          Conj/Hex       26%        3d14      1%          4
 Leda's Liquefaction      Hex/Erth       26%        N/A       1%          4
 Foxfire                  Conj/Fire      72%        2x1d7     3%          1
 Shock                    Conj/Air       72%        1d7       3%          1
 Yara's Violent Unravell  Hex/Tmut       26%        3d11      3%          5
 Conjure Flame            Conj/Fire      18%        6-21      10%         3
 Frozen Ramparts          Ice            36%        1d5       10%         3
 Swiftness                Air            18%        N/A       10%         3
 Airstrike                Air            9%         N/A       30%         4
 Flame Wave               Conj/Fire      18%        2d6       30%         4
 Ice Form                 Ice/Tmut       18%        N/A       30%         4
 Passage of Golubria      Tloc           18%        N/A       30%         4
 Summon Ice Beast         Ice/Summ       18%        N/A       30%         4
 Discord                  Hex            37%        N/A       36%         8
 Blade Hands              Tmut           9%         N/A       65%         5
 Irradiate                Conj/Tmut      9%         3d17      65%         5
 Lee's Rapid Deconstruct  Erth           9%         3d8*      65%         5
 Statue Form              Tmut/Erth      12%        N/A       99%         6
 Dragon Form              Tmut           9%         N/A       100%        7


Dungeon Overview and Level Annotations

Branches:
Dungeon (14/15)            Temple (1/1) D:6            Lair (6/6) D:8
  Swamp (0/4) Lair:3       Spider (0/4) Lair:3          Orc (0/2) D:10
 Vaults (0/5) D:14          Sewer (visited)
  Slime: Lair:5-6

Altars:
Ashenzari
Dithmenos
Elyvilon
Fedhas
Gozag
Kikubaaqudgha
Makhleb
Uskayaw
Xom
Yredelemnul
Zin
The Shining One

Shops:
D:2 *   D:7 !   D:9 [

Portals:
Trove: D:10 (give 6 scrolls of blinking)

Annotations:
D:13 2 transporters, mfcas's ghost, journeyman DjCj


Innate Abilities, Weirdness & Mutations

You are very small and have problems with some larger weapons.
You are too small for most types of armour.
You have supernaturally acute eyesight. (SInv)
You cover ground extremely quickly. (Speed+++)
You have a pair of small antennae on your head.
You are partially covered in iridescent scales. (AC +2)
Your body sometimes deteriorates upon taking damage.
You are strong-willed. (Will+)


Message History

The fiery explosion engulfs the death yak!!
Flame seeps out of the death yak.
The death yak is severely wounded.
The fiery explosion engulfs the plant!!!
The plant is severely damaged.
The elephant explodes!
The fiery explosion engulfs the elephant!!
Flame seeps out of the elephant.
The elephant is severely wounded.
The fiery explosion engulfs the plant!!!
The plant is almost destroyed.
The fiery explosion engulfs the death yak!!!
Dithmenos accepts your kill.
The fiery explosion engulfs the plant!!
The plant is moderately damaged.
The fiery explosion engulfs you!!
* * * LOW HITPOINT WARNING * * *
The fiery explosion engulfs the elephant!!!
Flame seeps out of the elephant.
The elephant is severely wounded.
The fiery explosion engulfs the elephant!!!
Flame seeps out of the elephant.
The elephant is heavily wounded.
Dithmenos accepts your kill.
You feel a bit more experienced. Dithmenos accepts your kill.
You feel a bit more experienced.
You hear an explosion! x2
The fiery explosion engulfs the elephant!!
Flame seeps out of the elephant.
The elephant is almost dead.
The fiery explosion engulfs the elephant!!
Dithmenos accepts your kill.
The elephant explodes!
The fiery explosion engulfs the elephant!!!
Dithmenos accepts your kill.
The fiery explosion engulfs the elephant!!
Dithmenos accepts your kill. The fiery explosion engulfs you!!
You die...

#...## ###.P##
#..P## ##.....
##...# ....<..
#....## .......
###...# .......
##..## .......
#..§§###.......
#..§@§#S.......
#..#§§§§§#....
#.###§§°P§.#
... #YF§§P.#..#
.
...l..§....###
............#
.....≈P......#
###≈.≈≈≈....##
##≈♣≈≈P....


There were no monsters in sight!

Vanquished Creatures
  Rupert (Lair:5)
  Snorg (Lair:3)
  Erolcha (D:10)
  A vault guard (D:14)
  3 centaur warriors (D:14)
  12 hydras
  3 catoblepae
  2 boulder beetles
  2 two-headed ogres
  A death knight (D:13)
  3 tengu warriors
  8 death yaks (Lair:6)
  Nergalle (Lair:3)
  2 fire crabs
  A skeletal warrior (D:14)
  2 bog bodies (Lair:3)
  4 deep elf pyromancers
  11 ugly things
  A wolf spider (D:13)
  3 manticores
  3 cyclopes
  5 black mambas
  10 elephants
  A black mamba (shapeshifter) (D:14)
  14 cane toads
  A gargoyle (D:10)
  A torpor snail (shapeshifter) (D:13)
  A torpor snail (Lair:6)
  An unseen horror (shapeshifter) (D:13)
  2 unseen horrors
  A freezing wraith (D:13)
  10 komodo dragons
  4 rime drakes
  A tengu conjurer (D:13)
  4 kobold demonologists
  7 trolls
  2 polar bears
  4 hornets
  8 slime creatures
  8 dream sheep
  35 blink frogs
  43 yaks
  9 wraiths
  3 shadows
  2 vampires (D:13)
  12 spriggans (Lair:5)
  6 wyverns
  A steam dragon (D:8)
  5 basilisks
  9 vampire mosquitoes
  Menkaure (D:6)
  2 acid dragons
  10 water moccasins
  2 black bears
  4 orc warriors
  A sky beast (D:6)
  A necrophage (D:7)
  28 wolves
  3 boggarts (Lair:5)
  2 ogres (D:4)
  2 phantoms (D:10)
  3 centaurs
  8 kobold brigands
  10 bullfrogs
  4 scorpions
  10 killer bees
  A water moccasin skeleton (D:5)
  2 troll zombies (D:10)
  4 howler monkeys
  5 centaur zombies
  7 orc priests
  4 hounds
  2 bullfrog skeletons
  4 centaur skeletons
  3 iguanas
  10 orc wizards
  5 hell rats
  4 ogre zombies (D:10)
  Robin (D:2)
  A howler monkey zombie (D:8)
  8 gnolls
  13 adders
  2 river rats (D:6)
  A shadow imp (D:7)
  2 white imps
  3 adder skeletons (D:4)
  2 worms (D:2)
  5 dart slugs
  22 orcs
  10 ball pythons
  4 bats
  4 endoplasms
  A giant cockroach (D:2)
  17 goblins
  11 hobgoblins
  21 kobolds
  3 quokkas
  9 frilled lizards
  A goblin zombie (D:10)
  5 hobgoblin zombies (D:10)
  An orc skeleton (D:10)
  11 orc zombies (D:10)
  5 rats
581 creatures vanquished.

Vanquished Creatures (collateral kills)
  Sigmund (D:3)
  An orc warrior (D:11)
  A kobold brigand (D:11)
  2 gnolls
  An orc (D:10)
  A hobgoblin skeleton (D:10)
7 creatures vanquished.

Vanquished Creatures (others)
  3 dancing weapons
  2 bushes (D:8)
  22 fungi
  60 plants
87 creatures vanquished.

Grand Total: 675 creatures vanquished

Notes
Turn   | Place    | Note
-------+----------+-------------------------------------------
     0 | D:1      | bkjjbf the Spriggan Enchanter began the quest for the Orb.
     0 | D:1      | Reached XP level 1. HP: 9/9 MP: 5/5
   456 | D:2      | Reached XP level 2. HP: 13/13 MP: 7/7
   470 | D:1      | Learned a level 2 spell: Ensorcelled Hibernation
   556 | D:2      | Noticed Robin
   933 | D:2      | Killed Robin
   934 | D:2      | Reached XP level 3. HP: 16/16 MP: 1/9
  1026 | D:2      | Learned a level 3 spell: Tukima's Dance
  1030 | D:2      | Learned a level 3 spell: Dazzling Flash
  1344 | D:2      | Reached XP level 4. HP: 21/21 MP: 8/11
  1410 | D:2      | Found Zoosch's Assorted Antiques.
  1415 | D:2      | Reached skill level 5 in Hexes
  1425 | D:2      | Bought an amethyst potion for 26 gold pieces
  1425 | D:2      | Bought a scroll labelled HUFFISETEN for 29 gold pieces
  1425 | D:2      | Bought a scroll labelled EBRUYC GIMIHO for 29 gold pieces
  1671 | D:3      | Noticed Sigmund
  1698 | D:3      | Killed Sigmund
  1699 | D:3      | Reached skill level 5 in Spellcasting
  1699 | D:3      | Reached XP level 5. HP: 24/24 MP: 3/14
  2008 | D:3      | Reached XP level 6. HP: 28/28 MP: 11/15
  2172 | D:3      | Found a white marble altar of Elyvilon.
  2407 | D:3      | Learned a level 3 spell: Confusing Touch
  2424 | D:4      | Reached skill level 5 in Stealth
  2498 | D:2      | Bought a scroll labelled MIT IJESAGH for 29 gold pieces
  2576 | D:4      | Found an ancient bone altar of Kikubaaqudgha.
  2576 | D:4      | Found a blossoming altar of Fedhas.
  2808 | D:4      | Reached skill level 6 in Stealth
  2808 | D:4      | Reached XP level 7. HP: 23/32 MP: 7/17
  3260 | D:5      | Entered Level 5 of the Dungeon
  3541 | D:5      | Reached skill level 7 in Stealth
  3651 | D:5      | Found a glowing golden altar of the Shining One.
  3659 | D:5      | Found a shimmering altar of Xom.
  3920 | D:5      | Reached XP level 8. HP: 36/36 MP: 18/20
  4052 | D:6      | Found a glowing drain.
  4069 | Sewer    | Entered a sewer
  4233 | Sewer    | Reached skill level 8 in Stealth
  4530 | D:6      | Noticed Menkaure
  4540 | D:6      | Killed Menkaure
  4608 | D:6      | Reached skill level 9 in Stealth
  4635 | D:6      | Found a staircase to the Ecumenical Temple.
  4646 | Temple   | Entered the Ecumenical Temple
  4749 | Temple   | Became a worshipper of Dithmenos the Shadowed
  4878 | D:6      | Gained mutation: You have a pair of small antennae on your
                  | head. [potion of mutation]
  4878 | D:6      | Gained mutation: Your body sometimes deteriorates upon
                  | taking damage. [potion of mutation]
  4878 | D:6      | Gained mutation: You are partially covered in iridescent
                  | scales. (AC +2) [potion of mutation]
  4878 | D:6      | Gained mutation: You are strong-willed. (Will+) [potion of
                  | mutation]
  5046 | D:6      | Reached skill level 10 in Stealth
  5179 | D:7      | Reached XP level 9. HP: 39/39 MP: 20/23
  5183 | D:7      | Found a burning altar of Makhleb.
  5197 | D:7      | Found Qugaeref's Distillery.
  5213 | D:7      | Bought a potion of curing for 42 gold pieces
  5213 | D:7      | Bought a potion of curing for 42 gold pieces
  5344 | D:7      | Reached skill level 1 in Fighting
  5621 | D:7      | Reached * piety under Dithmenos
  6162 | D:8      | Reached skill level 11 in Stealth
  6261 | D:8      | Reached skill level 10 in Hexes
  6456 | D:8      | Found a staircase to the Lair.
  6475 | D:8      | Reached skill level 5 in Dodging
  6477 | D:8      | Reached XP level 10. HP: 47/47 MP: 14/24
  6481 | D:8      | Reached skill level 10 in Spellcasting
  6504 | D:8      | Reached ** piety under Dithmenos
  7385 | D:9      | Reached skill level 12 in Stealth
  7513 | D:9      | Reached skill level 5 in Short Blades
  7776 | D:9      | Found a basalt altar of Yredelemnul.
  7794 | D:9      | Found Baczoaca's Armour Shoppe.
  7922 | D:10     | Entered Level 10 of the Dungeon
  8068 | D:10     | Noticed a gargoyle
  8068 | D:10     | Noticed a cyclops
  8078 | D:10     | Killed a cyclops
  8080 | D:10     | Killed a gargoyle
  8081 | D:10     | Reached XP level 11. HP: 48/53 MP: 23/26
  8292 | D:10     | Reached *** piety under Dithmenos
  8471 | D:10     | Reached skill level 13 in Stealth
  8523 | D:10     | Found a staircase to the Orcish Mines.
  8601 | D:10     | Noticed Erolcha
  8607 | D:10     | Killed Erolcha
  9057 | D:10     | Found a portal to a secret trove of treasure.
  9320 | D:11     | Reached **** piety under Dithmenos
  9545 | D:11     | Identified the amulet "Itzur" {Acrobat SInv}
  9841 | D:11     | Noticed a three-headed hydra
  9960 | D:11     | Reached skill level 5 in Fighting
 10424 | D:11     | Killed a three-headed hydra
 10659 | D:12     | Reached skill level 14 in Stealth
 10795 | D:12     | Noticed a purple ugly thing
 10815 | D:12     | Killed a purple ugly thing
 10840 | D:12     | Reached XP level 12. HP: 43/60 MP: 25/28
 11194 | D:12     | Found an opulent altar of Gozag.
 11400 | D:12     | Found a basalt altar of Yredelemnul.
 11664 | D:13     | Noticed a five-headed hydra
 11786 | D:13     | Killed a five-headed hydra
 11787 | D:13     | Reached skill level 15 in Stealth
 11846 | D:13     | Reached skill level 10 in Dodging
 11897 | D:13     | Reached ***** piety under Dithmenos
 12022 | D:13     | Found a transporter.
 12023 | D:13     | Noticed a two-headed ogre
 12023 | D:13     | Noticed mfcas's ghost (journeyman DjCj)
 12024 | D:13     | Noticed a two-headed ogre
 12024 | D:13     | Noticed a two-headed ogre
 12029 | D:13     | Noticed a two-headed ogre
 12030 | D:13     | Identified the +11 dire flail of Distraction {venom, rCorr
                  | Stlth+}
 12030 | D:13     | Identified the +2 giant club "Gyam" {holy, *Noise rC+ rN++}
 12030 | D:13     | Noticed a two-headed ogre
 12033 | D:13     | Found a transporter.
 12117 | D:13     | Noticed a boulder beetle
 12121 | D:13     | Killed a boulder beetle
 12250 | D:13     | Noticed a seven-headed hydra
 12250 | D:13     | Noticed a two-headed ogre
 12250 | D:13     | Noticed a tengu warrior
 12251 | D:13     | Noticed a tengu warrior
 12253 | D:13     | Noticed a seven-headed hydra
 12253 | D:13     | Noticed a catoblepas
 12266 | D:13     | Killed a two-headed ogre
 12271 | D:13     | Killed a seven-headed hydra
 12271 | D:13     | Killed a catoblepas
 12271 | D:13     | Killed a tengu warrior
 12271 | D:13     | Killed a seven-headed hydra
 12271 | D:13     | Killed a tengu warrior
 12272 | D:13     | Reached XP level 13. HP: 20/66 MP: 25/30
 12693 | D:14     | Reached skill level 16 in Stealth
 13247 | D:14     | Found a gate to the Vaults.
 13647 | Lair:1   | Entered Level 1 of the Lair of Beasts
 14451 | Lair:2   | Reached skill level 10 in Short Blades
 14497 | Lair:2   | Reached XP level 14. HP: 72/72 MP: 32/32
 14875 | Lair:2   | Reached skill level 17 in Stealth
 15292 | Lair:3   | Noticed Nergalle
 15541 | Lair:3   | Found a staircase to the Swamp.
 15997 | Lair:3   | Found a hole to the Spider Nest.
 16001 | Lair:3   | Reached ****** piety under Dithmenos
 16092 | Lair:3   | Killed Nergalle
 16291 | Lair:3   | Noticed Snorg
 16946 | Lair:3   | Killed Snorg
 18004 | Lair:4   | Got Neticweic's Papyrus of Fascination
 18010 | Lair:4   | Learned a level 4 spell: Cause Fear
 18211 | Lair:5   | Reached skill level 18 in Stealth
 18618 | Lair:5   | Reached skill level 15 in Hexes
 18618 | Lair:5   | Reached XP level 15. HP: 77/78 MP: 31/34
 19158 | Lair:5   | Noticed Rupert
 19161 | Lair:5   | Killed Rupert
 19162 | Lair:5   | Reached skill level 15 in Spellcasting
 19377 | Lair:6   | Entered Level 6 of the Lair of Beasts
 19527 | Lair:6   | Killed by an exploding elephant... ignited by their inner
                  | flame

Illustrated notes

Levels and vault maps discovered:
D:1:      erik_arrival_blinker_ship, layout_rooms, dk_noncrumbling_3
D:2:      layout_rooms, serial_shops, shop, minivault_4, uniq_robin
D:3:      layout_rooms, elyvilon_altar_5, uniq_sigmund
D:4:      layout_rooms, grunt_temple_overflow_growth_and_decay,
          chequers_serial_rivers_room_b
D:5:      layout_basic, brannock_xom_greatest_gift, tso_oasis_becter
D:6:      layout_basic, minmay_temple_entry_sparse_star, portal_sewer_entry_b,
          uniq_menkaure
D:7:      layout_cave_pods, kennysheep_mini_moat, serial_shops, shop
D:8:      layout_basic, minmay_lair_entry_grove, minmay_tree_intersection
D:9:      layout_roguey, general_overflow_altar, serial_corexii_hall,
          corexii_hall_statues_i, corexii_hall_statues_deadend, serial_shops,
          kennysheep_little_box
D:10:     layout_irregular_city, zombieorc1_lemuel, enter_trove_3,
          ebering_dispersal_statue_hall, minmay_starry_boxes, uniq_erolcha
D:11:     layout_roguey, minmay_misc_feat_enclosed, hangedman_ranch
D:12:     layout_rooms, hangedman_feature_mirror, minmay_quadrilaterals
D:13:     layout_roguey, gammafunk_ghost_smash, kennysheep_kite_vault
D:14:     layout_small_grid, david_vaults_5, small_statue_intersection,
          nicolae_concentric_dashed_squares_mild
Temple:   regret_index_temple_generic_petals
Lair:1:   layout_regular_city
Lair:2:   layout_roguey
Lair:3:   layout_hall_layers, skrybe_swamp_entry_bodies, dummy_spider_entry,
          serial_bayou_pond_d, grunt_megastairs_1, uniq_snorg, uniq_nergalle
Lair:4:   layout_gridlike, serial_bayou_pond_e, grunt_megastairs_3
Lair:5:   kb_forest_paths, layout_small_grid, uniq_rupert
Lair:6:   hellmonk_lair_end_abyssal_woods, layout_cave_pods, slime_altar_2,
          serial_bayou_pond_d

Skill      XL: |  1  2  3  4  5  6  7  8  9 10 11 12 13 14 15 |
---------------+----------------------------------------------+-----
Spellcasting   | 3 4 5 6 7 9 10 11 12 13 14 15 | 15.1
Hexes          | 4 6 7 9 10 11 12 13 14 15 | 15.3
Stealth        | 6 7 10 11 12 14 15 16 18 | 18.5
Fighting       | 2 4 5 6 7 8 |  8.9
Dodging        | 5 7 8 10 12 13 | 13.7
Short Blades   | 3 5 7 8 10 11 | 11.6

Action                   |  1- 3 |  4- 6 |  7- 9 | 10-12 | 13-15 || total
-------------------------+-------+-------+-------+-------+-------++-------
Melee: Dagger            |   103 |   100 |   299 |   558 |   805 ||  1865
       Punch             |       |     1 |     5 |    11 |    14 ||    31
 Cast: Ensorcelled Hiber |    18 |    12 |    32 |    96 |   149 ||   307
       Tukima's Dance    |       |    12 |     4 |    11 |     1 ||    28
       Confusing Touch   |       |     2 |     6 |    24 |    22 ||    54
Invok: Shadow Step       |       |       |       |     1 |     2 ||     3
Evoke: Wand              |       |       |       |    10 |       ||    10
       Lightning rod     |       |       |       |       |     1 ||     1
  Use: Scroll            |     7 |     1 |    15 |     7 |     4 ||    34
       Potion            |     1 |     1 |     2 |     1 |       ||     5
 Stab: Sleeping          |    11 |    14 |    40 |    89 |   126 ||   280
       Confused          |       |       |     6 |    20 |    32 ||    58
       Distracted        |       |       |       |     3 |     2 ||     5
       Petrified         |       |       |       |       |     1 ||     1
Armor: Robe              |    16 |       |       |       |       ||    16
       Animal skin       |     5 |    14 |    61 |       |       ||    80
       Steam dragon scal |       |       |     5 |    88 |   108 ||   201
Dodge: Dodged            |   103 |    73 |   249 |   440 |   624 ||  1489

Table legend: (Time is in decaauts)
 A = Elapsed time spent in this place.
 B = Non-inter-level travel time spent in this place.
 C = Inter-level travel time spent in this place.
 D = Time resting spent in this place.
 E = Time spent auto-exploring this place.
 F = Levels seen in this place.
 G = Mean time per level.
                   A        B        C        D        E       F      G
               +--------+--------+--------+--------+--------+-----+--------+
         Total |  14067 |  13482 |    585 |   1635 |   7857 |  22 |  639.4 |
       Dungeon |   9665 |   9257 |    408 |   1232 |   5341 |  14 |  690.4 |
        Temple |     75 |     54 |     21 |      0 |     42 |   1 |   75.0 |
          Lair |   3997 |   3842 |    155 |    403 |   2268 |   6 |  666.2 |
         Sewer |    329 |    329 |      0 |      0 |    205 |   1 |  329.0 |
               +--------+--------+--------+--------+--------+-----+--------+

Top non-repeatable levels by time:
  Lair:3: 1390 daAuts
    D:11: 1117 daAuts
    D:10: 942 daAuts
    D:13: 812 daAuts
  Lair:5: 805 daAuts
     D:8: 747 daAuts
     D:1: 743 daAuts
    D:12: 742 daAuts
  Lair:2: 732 daAuts
     D:9: 720 daAuts
     D:4: 633 daAuts
    D:14: 602 daAuts
     D:2: 593 daAuts
     D:7: 587 daAuts
     D:5: 505 daAuts
